[ AOE2 MATCH · #482274580 ]
UnrankedCumans vs Teutons
[ REPLAY ANALYSIS · EXTRACTED FROM THE RECORDED GAME ]
Feudal
—
Castle
—
Imperial
—
| APM avg | 22.5 |
| APM peak | 55 |
| eAPM avg | 15.4 |
| Villagers / military | 123 / 61 |
Focus
⚔️ 19.5% · 🌾 80.5%
Steppe Lancer ×61
Feudal
—
Castle
—
Imperial
—
| APM avg | 17.9 |
| APM peak | 86 |
| eAPM avg | 8.0 |
| Villagers / military | 64 / 25 |
Focus
⚔️ 16.3% · 🌾 83.7%
Knight ×22 · Spearman ×3
Feudal
11:14
Castle
26:55
Imperial
—
| APM avg | 18.1 |
| APM peak | 38 |
| eAPM avg | 9.8 |
| Villagers / military | 70 / 12 |
Focus
⚔️ 24.5% · 🌾 75.5%
Unknown (2550) ×17 · Unknown (2582) ×17 · Spearman ×12 · Unknown (2579) ×11
Feudal
13:26
Castle
28:34
Imperial
—
| APM avg | 9.9 |
| APM peak | 21 |
| eAPM avg | 7.6 |
| Villagers / military | 69 / 17 |
Focus
⚔️ 20.7% · 🌾 79.3%
Militia ×15 · Knight ×2
Feudal
—
Castle
—
Imperial
—
| APM avg | 30.4 |
| APM peak | 58 |
| eAPM avg | 14.3 |
| Villagers / military | 109 / 28 |
Focus
⚔️ 20.6% · 🌾 79.4%
Mangudai ×13 · Scout Cavalry ×8 · Knight ×6 · Spearman ×1
Feudal
—
Castle
—
Imperial
—
| APM avg | 34.0 |
| APM peak | 82 |
| eAPM avg | 16.4 |
| Villagers / military | 92 / 150 |
Focus
⚔️ 37.9% · 🌾 62.1%
Archer ×150
Match map
Initial resources + every placement click. Lines = walls · curves = elevation contours. ◆ gold · ⬟ stone · ● berries · ✦ relic · ◌ wall gap
Your base· Open — unwalled flank
CicloneAzor's base· Open — unwalled flank
Mono de Guayaba's base· Open — unwalled flank
danielrojaslaw's base· Open — unwalled flank
KOLSONxCANADIAN's base· Open — unwalled flank
AquilesBaeza952's base· Open — unwalled flank
Smoothed initial terrain · ◌ = detected wall gap · hover for details
Inputs per minute
— Mijolas - - CicloneAzor
Build order — Mijolas
First 150 of 319 actions detected
| 0:06 | Build | House |
| 0:08 | Build | House |
| 0:09 | Create | Villager (Male) |
| 0:10 | Create | Villager (Male) |
| 0:10 | Create | Villager (Male) |
| 0:10 | Create | Villager (Male) |
| 1:46 | Create | Villager (Male) |
| 1:59 | Create | Villager (Male) |
| 2:15 | Build | Lumber Camp |
| 2:45 | Create | Villager (Male) |
| 3:13 | Create | Villager (Male) |
| 3:13 | Create | Villager (Male) |
| 3:35 | Build | House |
| 3:36 | Build | House |
| 4:16 | Create | Villager (Male) |
| 4:16 | Create | Villager (Male) |
| 4:16 | Create | Villager (Male) |
| 5:06 | Build | Mill |
| 5:21 | Create | Villager (Male) |
| 5:21 | Create | Villager (Male) |
| 5:21 | Create | Villager (Male) |
| 6:27 | Build | House |
| 6:29 | Build | House |
| 6:48 | Create | Villager (Male) |
| 6:49 | Create | Villager (Male) |
| 6:49 | Create | Villager (Male) |
| 6:49 | Create | Villager (Male) |
| 6:50 | Create | Villager (Male) |
| 7:01 | Create | Villager (Male) |
| 7:18 | Build | Farm |
| 8:14 | Build | Farm |
| 8:32 | Build | Farm |
| 8:58 | Create | Villager (Male) |
| 9:26 | Build | Mining Camp |
| 9:51 | Research | Loom |
| 9:52 | Research | Feudal Age |
| 10:57 | Build | Barracks |
| 11:40 | Build | House |
| 12:30 | Build | Town Center |
| 12:55 | Create | Villager (Male) |
| 12:56 | Create | Villager (Male) |
| 13:22 | Build | Blacksmith |
| 13:31 | Build | Farm |
| 13:38 | Build | House |
| 13:40 | Build | House |
| 14:40 | Create | Villager (Male) |
| 14:40 | Create | Villager (Male) |
| 14:40 | Create | Villager (Male) |
| 14:40 | Create | Villager (Male) |
| 14:49 | Build | House |
| 14:51 | Build | House |
| 15:08 | Build | Market |
| 15:16 | Build | Mining Camp |
| 15:24 | Create | Villager (Male) |
| 15:36 | Research | Wheelbarrow |
| 15:56 | Research | Castle Age |
| 16:11 | Create | Villager (Male) |
| 16:16 | Build | House |
| 16:37 | Create | Villager (Male) |
| 16:52 | Build | Farm |
| 16:52 | Build | Farm |
| 16:53 | Build | Farm |
| 16:53 | Build | Farm |
| 16:53 | Build | Farm |
| 16:54 | Build | Farm |
| 16:54 | Build | Farm |
| 16:56 | Build | Farm |
| 17:04 | Build | House |
| 17:05 | Build | House |
| 17:25 | Build | House |
| 17:26 | Build | House |
| 17:34 | Create | Villager (Male) |
| 17:34 | Create | Villager (Male) |
| 17:41 | Create | Villager (Male) |
| 17:42 | Create | Villager (Male) |
| 17:50 | Create | Villager (Male) |
| 18:00 | Build | Farm |
| 18:24 | Create | Villager (Male) |
| 18:24 | Create | Villager (Male) |
| 18:29 | Build | Farm |
| 18:30 | Build | Farm |
| 18:37 | Create | Villager (Male) |
| 18:37 | Create | Villager (Male) |
| 18:37 | Create | Villager (Male) |
| 18:38 | Create | Villager (Male) |
| 18:38 | Create | Villager (Male) |
| 18:56 | Build | Farm |
| 18:57 | Build | Farm |
| 18:58 | Build | Farm |
| 19:02 | Create | Villager (Male) |
| 19:18 | Create | Villager (Male) |
| 19:18 | Create | Villager (Male) |
| 19:45 | Research | Double-Bit Axe |
| 20:07 | Research | Horse Collar |
| 20:21 | Build | Town Center |
| 20:24 | Build | Farm |
| 20:25 | Build | Farm |
| 20:25 | Build | Farm |
| 20:26 | Build | Farm |
| 20:26 | Build | Farm |
| 20:26 | Build | Farm |
| 20:31 | Create | Villager (Male) |
| 20:31 | Create | Villager (Male) |
| 20:42 | Create | Villager (Male) |
| 20:47 | Create | Villager (Male) |
| 20:55 | Create | Villager (Male) |
| 21:15 | Build | Farm |
| 21:16 | Build | Farm |
| 21:16 | Build | Farm |
| 21:16 | Build | Farm |
| 21:16 | Build | Farm |
| 21:17 | Build | Farm |
| 21:17 | Build | Farm |
| 21:20 | Create | Villager (Male) |
| 21:20 | Create | Villager (Male) |
| 21:35 | Build | Farm |
| 21:36 | Build | Farm |
| 21:45 | Create | Villager (Male) |
| 21:45 | Create | Villager (Male) |
| 21:45 | Create | Villager (Male) |
| 22:00 | Build | Stable |
| 22:06 | Create | Villager (Male) |
| 22:08 | Create | Villager (Male) |
| 22:08 | Create | Villager (Male) |
| 22:11 | Build | Farm |
| 22:24 | Research | Heavy Plow |
| 22:30 | Build | Farm |
| 22:30 | Build | Farm |
| 22:31 | Build | Farm |
| 22:31 | Build | Farm |
| 22:32 | Build | Farm |
| 22:51 | Build | Farm |
| 22:52 | Build | Farm |
| 22:54 | Build | Farm |
| 22:59 | Create | Villager (Male) |
| 22:59 | Create | Villager (Male) |
| 22:59 | Create | Villager (Male) |
| 23:00 | Create | Villager (Male) |
| 23:04 | Create | Villager (Male) |
| 23:04 | Create | Villager (Male) |
| 23:04 | Create | Villager (Male) |
| 23:16 | Create | Villager (Male) |
| 23:16 | Create | Villager (Male) |
| 23:24 | Build | Stable |
| 23:26 | Build | Stable |
| 23:36 | Create | Villager (Male) |
| 23:36 | Create | Villager (Male) |
| 23:36 | Create | Villager (Male) |
| 23:37 | Create | Villager (Male) |
| 23:54 | Research | Bow Saw |
Build order — CicloneAzor
First 150 of 169 actions detected
| 0:08 | Build | House |
| 0:12 | Create | Villager (Male) |
| 0:12 | Create | Villager (Male) |
| 0:13 | Create | Villager (Male) |
| 0:13 | Create | Villager (Male) |
| 0:13 | Create | Villager (Male) |
| 0:35 | Build | Lumber Camp |
| 1:44 | Create | Villager (Male) |
| 1:53 | Build | House |
| 2:13 | Create | Villager (Male) |
| 2:45 | Create | Villager (Male) |
| 2:51 | Build | House |
| 2:53 | Build | House |
| 2:55 | Build | House |
| 2:59 | Create | Villager (Male) |
| 3:21 | Create | Villager (Male) |
| 3:36 | Build | House |
| 3:46 | Create | Villager (Male) |
| 4:24 | Create | Villager (Male) |
| 4:51 | Create | Villager (Male) |
| 5:10 | Create | Villager (Male) |
| 5:20 | Build | Mining Camp |
| 5:28 | Create | Villager (Male) |
| 6:00 | Research | Loom |
| 6:00 | Create | Villager (Male) |
| 6:37 | Create | Villager (Male) |
| 6:51 | Create | Villager (Male) |
| 7:03 | Create | Villager (Male) |
| 7:47 | Create | Villager (Male) |
| 8:13 | Create | Villager (Male) |
| 8:39 | Create | Villager (Male) |
| 8:52 | Build | Mill |
| 9:02 | Create | Villager (Male) |
| 9:34 | Create | Villager (Male) |
| 10:11 | Research | Feudal Age |
| 10:15 | Build | Farm |
| 10:16 | Build | Farm |
| 10:21 | Build | Farm |
| 10:23 | Build | Farm |
| 10:24 | Build | Farm |
| 10:26 | Build | Farm |
| 10:31 | Build | Barracks |
| 10:50 | Build | House |
| 10:52 | Build | House |
| 11:49 | Create | Villager (Male) |
| 11:51 | Create | Villager (Male) |
| 12:04 | Build | Farm |
| 12:06 | Build | Farm |
| 12:37 | Build | Stone Wall |
| 12:54 | Create | Spearman |
| 12:56 | Create | Spearman |
| 13:01 | Build | Mining Camp |
| 13:04 | Create | Villager (Male) |
| 13:29 | Build | Blacksmith |
| 13:34 | Create | Villager (Male) |
| 13:42 | Build | Farm |
| 13:44 | Build | Farm |
| 13:47 | Build | Farm |
| 13:55 | Create | Villager (Male) |
| 14:17 | Build | Market |
| 14:21 | Create | Villager (Male) |
| 14:50 | Create | Spearman |
| 15:04 | Create | Villager (Male) |
| 15:21 | Build | House |
| 15:33 | Build | Stone Wall |
| 15:38 | Build | Gate |
| 15:45 | Build | Farm |
| 15:50 | Create | Villager (Male) |
| 16:32 | Build | Stable |
| 16:35 | Research | Castle Age |
| 17:09 | Build | House |
| 17:12 | Build | House |
| 17:31 | Build | Watch Tower |
| 17:48 | Research | Bloodlines |
| 19:10 | Research | Stone Mining |
| 19:17 | Create | Knight |
| 19:17 | Create | Knight |
| 19:21 | Build | Stable |
| 19:25 | Create | Villager (Male) |
| 19:25 | Create | Villager (Male) |
| 19:27 | Create | Villager (Male) |
| 19:59 | Create | Villager (Male) |
| 20:09 | Create | Villager (Male) |
| 20:10 | Create | Knight |
| 20:10 | Create | Knight |
| 20:15 | Create | Knight |
| 20:31 | Build | Castle |
| 20:51 | Create | Knight |
| 21:45 | Create | Villager (Male) |
| 21:46 | Create | Villager (Male) |
| 21:50 | Create | Villager (Male) |
| 22:06 | Create | Knight |
| 22:51 | Create | Villager (Male) |
| 23:53 | Build | Farm |
| 23:54 | Build | Farm |
| 23:57 | Create | Villager (Male) |
| 23:57 | Create | Villager (Male) |
| 24:27 | Create | Villager (Male) |
| 24:30 | Build | Farm |
| 24:34 | Create | Villager (Male) |
| 24:50 | Build | Town Center |
| 24:56 | Create | Villager (Male) |
| 25:03 | Build | Farm |
| 25:15 | Build | Stone Wall |
| 25:20 | Build | Gate |
| 25:23 | Build | House |
| 25:24 | Build | House |
| 25:26 | Build | House |
| 25:27 | Build | House |
| 25:58 | Research | Horse Collar |
| 26:03 | Research | Double-Bit Axe |
| 26:17 | Create | Villager (Male) |
| 26:18 | Create | Villager (Male) |
| 26:29 | Create | Villager (Male) |
| 26:29 | Create | Villager (Male) |
| 26:31 | Create | Villager (Male) |
| 26:41 | Research | Bow Saw |
| 26:51 | Build | Farm |
| 26:52 | Build | Farm |
| 26:58 | Create | Villager (Male) |
| 27:01 | Build | Mining Camp |
| 27:08 | Research | Imperial Age |
| 27:17 | Research | Gold Mining |
| 27:46 | Create | Knight |
| 27:46 | Create | Knight |
| 28:03 | Build | Farm |
| 28:05 | Build | Farm |
| 28:07 | Build | Farm |
| 28:09 | Create | Villager (Male) |
| 28:15 | Create | Knight |
| 28:16 | Create | Knight |
| 28:22 | Create | Knight |
| 28:27 | Build | University |
| 28:29 | Build | House |
| 28:30 | Build | House |
| 28:31 | Build | House |
| 28:33 | Build | House |
| 28:34 | Build | House |
| 28:36 | Build | House |
| 28:37 | Build | House |
| 28:52 | Create | Villager (Male) |
| 29:02 | Create | Knight |
| 29:03 | Create | Knight |
| 29:15 | Create | Villager (Male) |
| 29:15 | Create | Villager (Male) |
| 29:17 | Create | Villager (Male) |
| 29:21 | Build | Farm |
| 29:22 | Build | Farm |
| 29:27 | Create | Villager (Male) |
| 29:43 | Create | Knight |
Build order — Mono de Guayaba
First 150 of 187 actions detected
| 0:04 | Create | Villager (Male) |
| 0:04 | Create | Villager (Male) |
| 0:04 | Create | Villager (Male) |
| 0:04 | Create | Villager (Male) |
| 0:10 | Build | House |
| 0:11 | Build | House |
| 2:01 | Create | Villager (Male) |
| 2:02 | Create | Villager (Male) |
| 2:37 | Build | Settlement |
| 2:45 | Create | Villager (Male) |
| 3:14 | Create | Villager (Male) |
| 3:31 | Create | Villager (Male) |
| 4:20 | Create | Villager (Male) |
| 4:20 | Create | Villager (Male) |
| 4:21 | Create | Villager (Male) |
| 4:21 | Create | Villager (Male) |
| 5:12 | Create | Villager (Male) |
| 5:39 | Research | Loom |
| 5:58 | Create | Villager (Male) |
| 6:52 | Create | Villager (Male) |
| 7:03 | Build | Farm |
| 7:06 | Create | Villager (Male) |
| 7:37 | Create | Villager (Male) |
| 7:50 | Build | House |
| 7:52 | Build | House |
| 8:14 | Build | House |
| 8:22 | Create | Villager (Male) |
| 9:04 | Research | Feudal Age |
| 9:30 | Build | Barracks |
| 10:00 | Build | Farm |
| 10:00 | Build | Farm |
| 10:50 | Create | Unit 2550 |
| 10:51 | Create | Unit 2550 |
| 10:52 | Create | Unit 2550 |
| 11:09 | Build | Settlement |
| 11:14 | Age | Feudal Age |
| 11:15 | Create | Villager (Male) |
| 11:18 | Create | Villager (Male) |
| 11:21 | Research | Horse Collar |
| 11:21 | Research | Double-Bit Axe |
| 12:13 | Create | Villager (Male) |
| 12:14 | Create | Villager (Male) |
| 12:34 | Create | Unit 2550 |
| 12:55 | Build | Farm |
| 13:15 | Create | Villager (Male) |
| 13:40 | Build | Farm |
| 13:48 | Build | Palisade Gate |
| 13:51 | Build | Palisade Wall |
| 13:58 | Build | Blacksmith |
| 14:04 | Create | Villager (Male) |
| 14:04 | Create | Villager (Male) |
| 14:05 | Create | Villager (Male) |
| 14:21 | Research | Tech 1402 |
| 14:43 | Build | Farm |
| 15:27 | Build | Outpost |
| 15:32 | Research | Scale Mail Armor |
| 15:47 | Build | Market |
| 16:06 | Create | Villager (Male) |
| 16:06 | Create | Villager (Male) |
| 16:07 | Create | Villager (Male) |
| 16:07 | Create | Villager (Male) |
| 16:33 | Research | Arson |
| 17:05 | Create | Villager (Male) |
| 17:19 | Build | House |
| 17:22 | Build | Palisade Wall |
| 17:31 | Build | Farm |
| 17:31 | Build | Farm |
| 17:32 | Build | Farm |
| 17:33 | Build | Farm |
| 17:34 | Build | Farm |
| 17:43 | Research | Forging |
| 18:16 | Create | Unit 2550 |
| 18:16 | Create | Unit 2550 |
| 18:46 | Build | Farm |
| 18:47 | Build | Farm |
| 18:48 | Build | Farm |
| 18:48 | Build | Farm |
| 18:51 | Create | Villager (Male) |
| 18:51 | Create | Villager (Male) |
| 18:51 | Create | Villager (Male) |
| 19:48 | Create | Villager (Male) |
| 19:48 | Create | Villager (Male) |
| 19:48 | Create | Villager (Male) |
| 20:06 | Create | Unit 2550 |
| 20:06 | Create | Unit 2550 |
| 20:15 | Build | House |
| 20:16 | Build | House |
| 20:21 | Build | House |
| 20:22 | Build | House |
| 20:33 | Research | Wheelbarrow |
| 20:51 | Create | Unit 2550 |
| 20:51 | Create | Unit 2550 |
| 21:18 | Create | Villager (Male) |
| 21:18 | Create | Villager (Male) |
| 21:29 | Build | Barracks |
| 21:30 | Build | Barracks |
| 21:32 | Build | Barracks |
| 21:58 | Build | Outpost |
| 22:05 | Create | Unit 2550 |
| 22:12 | Create | Unit 2550 |
| 22:14 | Create | Unit 2550 |
| 22:35 | Build | Outpost |
| 23:31 | Build | Settlement |
| 23:44 | Create | Unit 2550 |
| 23:45 | Create | Unit 2550 |
| 23:45 | Create | Unit 2550 |
| 23:45 | Create | Unit 2550 |
| 23:50 | Create | Villager (Male) |
| 23:51 | Create | Villager (Male) |
| 24:05 | Research | Castle Age |
| 24:41 | Research | Town Watch |
| 25:21 | Create | Villager (Male) |
| 25:21 | Create | Villager (Male) |
| 25:46 | Build | Outpost |
| 26:06 | Create | Villager (Male) |
| 26:55 | Age | Castle Age |
| 26:57 | Research | Tech 1351 |
| 26:59 | Research | Squires |
| 27:02 | Research | Chain Mail Armor |
| 27:13 | Create | Unit 2582 |
| 27:26 | Build | Town Center |
| 28:01 | Build | Settlement |
| 28:08 | Create | Unit 2582 |
| 28:44 | Research | Iron Casting |
| 28:57 | Create | Unit 2582 |
| 29:12 | Create | Unit 2582 |
| 29:13 | Create | Unit 2582 |
| 29:14 | Create | Unit 2582 |
| 29:15 | Create | Unit 2582 |
| 29:18 | Create | Villager (Male) |
| 29:18 | Create | Villager (Male) |
| 29:18 | Create | Villager (Male) |
| 29:19 | Create | Villager (Male) |
| 29:19 | Create | Villager (Male) |
| 29:20 | Create | Villager (Male) |
| 29:20 | Create | Villager (Male) |
| 29:21 | Create | Villager (Male) |
| 29:22 | Create | Villager (Male) |
| 29:48 | Build | Farm |
| 29:53 | Create | Villager (Male) |
| 29:53 | Create | Villager (Male) |
| 29:56 | Research | Bow Saw |
| 29:56 | Research | Heavy Plow |
| 29:58 | Research | Gold Mining |
| 30:06 | Build | Castle |
| 32:16 | Build | Farm |
| 32:17 | Build | Farm |
| 32:17 | Build | Farm |
| 32:18 | Build | Farm |
| 32:18 | Build | Farm |
Build order — danielrojaslaw
First 150 of 151 actions detected
| 0:06 | Research | Loom |
| 0:07 | Create | Villager (Male) |
| 0:07 | Create | Villager (Male) |
| 0:08 | Create | Villager (Male) |
| 0:08 | Create | Villager (Male) |
| 0:08 | Create | Villager (Male) |
| 1:07 | Build | House |
| 1:50 | Build | House |
| 2:10 | Create | Villager (Male) |
| 2:54 | Create | Villager (Male) |
| 3:17 | Build | House |
| 3:37 | Create | Villager (Male) |
| 3:55 | Build | House |
| 3:56 | Create | Villager (Male) |
| 4:19 | Create | Villager (Male) |
| 4:29 | Build | House |
| 4:38 | Create | Villager (Male) |
| 5:01 | Create | Villager (Male) |
| 5:52 | Create | Villager (Male) |
| 5:52 | Create | Villager (Male) |
| 6:12 | Create | Villager (Male) |
| 6:26 | Build | Lumber Camp |
| 7:04 | Create | Villager (Male) |
| 7:04 | Create | Villager (Male) |
| 7:05 | Create | Villager (Male) |
| 8:19 | Build | Lumber Camp |
| 8:23 | Create | Villager (Male) |
| 8:23 | Create | Villager (Male) |
| 8:31 | Create | Villager (Male) |
| 8:31 | Create | Villager (Male) |
| 9:13 | Create | Villager (Male) |
| 9:50 | Build | Mill |
| 11:16 | Research | Feudal Age |
| 12:19 | Build | Farm |
| 12:20 | Build | Farm |
| 12:23 | Build | Farm |
| 12:26 | Build | Farm |
| 12:32 | Build | Mining Camp |
| 13:26 | Age | Feudal Age |
| 13:26 | Research | Wheelbarrow |
| 13:43 | Build | Farm |
| 13:48 | Build | Farm |
| 13:52 | Build | Farm |
| 14:15 | Build | House |
| 14:20 | Create | Villager (Male) |
| 14:46 | Research | Gold Mining |
| 14:51 | Research | Double-Bit Axe |
| 15:35 | Create | Villager (Male) |
| 15:35 | Create | Villager (Male) |
| 15:36 | Create | Villager (Male) |
| 15:36 | Create | Villager (Male) |
| 15:36 | Create | Villager (Male) |
| 15:36 | Create | Villager (Male) |
| 15:37 | Create | Villager (Male) |
| 15:37 | Create | Villager (Male) |
| 15:37 | Create | Villager (Male) |
| 15:38 | Create | Villager (Male) |
| 15:38 | Create | Villager (Male) |
| 15:44 | Build | House |
| 16:37 | Build | Barracks |
| 16:57 | Build | Farm |
| 17:00 | Build | Farm |
| 17:03 | Build | Farm |
| 18:27 | Create | Villager (Male) |
| 18:46 | Research | Man-at-Arms (upgrade) |
| 19:15 | Create | Villager (Male) |
| 19:15 | Create | Villager (Male) |
| 19:15 | Create | Villager (Male) |
| 19:22 | Build | Farm |
| 19:26 | Build | Farm |
| 19:29 | Build | Farm |
| 19:32 | Build | Farm |
| 19:47 | Create | Militia |
| 19:48 | Create | Militia |
| 19:53 | Create | Villager (Male) |
| 20:14 | Build | Mining Camp |
| 20:21 | Create | Militia |
| 20:54 | Create | Villager (Male) |
| 20:54 | Create | Villager (Male) |
| 21:13 | Build | House |
| 21:25 | Create | Villager (Male) |
| 21:25 | Create | Villager (Male) |
| 22:09 | Build | House |
| 22:29 | Create | Villager (Male) |
| 22:36 | Build | Blacksmith |
| 22:58 | Create | Militia |
| 23:04 | Build | Farm |
| 23:27 | Create | Militia |
| 23:27 | Create | Militia |
| 23:38 | Build | Farm |
| 23:51 | Build | Mining Camp |
| 23:59 | Build | Farm |
| 24:03 | Build | Farm |
| 24:11 | Build | Farm |
| 24:33 | Build | Market |
| 24:40 | Build | House |
| 24:45 | Build | Farm |
| 24:50 | Build | House |
| 24:55 | Build | Farm |
| 25:17 | Build | Mining Camp |
| 25:54 | Research | Castle Age |
| 26:00 | Build | Mining Camp |
| 26:15 | Build | Mining Camp |
| 26:18 | Build | House |
| 26:32 | Create | Villager (Male) |
| 26:34 | Research | Scale Barding Armor |
| 26:35 | Research | Scale Mail Armor |
| 26:35 | Research | Forging |
| 26:47 | Create | Militia |
| 26:47 | Create | Militia |
| 26:49 | Create | Militia |
| 26:49 | Create | Militia |
| 27:25 | Create | Militia |
| 27:59 | Create | Militia |
| 27:59 | Create | Militia |
| 28:14 | Build | Stable |
| 28:34 | Age | Castle Age |
| 28:48 | Create | Militia |
| 28:49 | Create | Militia |
| 28:58 | Build | Town Center |
| 29:06 | Create | Villager (Male) |
| 29:21 | Build | Lumber Camp |
| 29:23 | Create | Villager (Male) |
| 30:07 | Create | Villager (Male) |
| 30:12 | Create | Knight |
| 30:12 | Create | Knight |
| 30:32 | Create | Villager (Male) |
| 30:32 | Create | Villager (Male) |
| 30:33 | Create | Villager (Male) |
| 30:33 | Create | Villager (Male) |
| 30:33 | Create | Villager (Male) |
| 31:41 | Create | Villager (Male) |
| 31:41 | Create | Villager (Male) |
| 31:42 | Create | Villager (Male) |
| 31:42 | Create | Villager (Male) |
| 31:42 | Create | Villager (Male) |
| 31:42 | Create | Villager (Male) |
| 31:48 | Build | Farm |
| 32:08 | Create | Villager (Male) |
| 32:08 | Create | Villager (Male) |
| 32:08 | Create | Villager (Male) |
| 32:09 | Create | Villager (Male) |
| 32:37 | Create | Villager (Male) |
| 32:37 | Create | Villager (Male) |
| 32:37 | Create | Villager (Male) |
| 32:37 | Create | Villager (Male) |
| 32:38 | Create | Villager (Male) |
| 32:47 | Build | Market |
| 33:50 | Build | House |
| 33:58 | Build | House |
Build order — KOLSONxCANADIAN
First 150 of 246 actions detected
| 0:03 | Create | Villager (Male) |
| 0:06 | Build | House |
| 0:07 | Build | House |
| 0:10 | Build | House |
| 0:11 | Create | Villager (Male) |
| 0:11 | Create | Villager (Male) |
| 0:16 | Research | Loom |
| 0:32 | Create | Villager (Male) |
| 0:33 | Create | Villager (Male) |
| 0:33 | Create | Villager (Male) |
| 0:33 | Create | Villager (Male) |
| 1:22 | Build | House |
| 2:03 | Create | Villager (Male) |
| 2:24 | Build | Palisade Wall |
| 2:31 | Create | Villager (Male) |
| 2:59 | Create | Villager (Male) |
| 2:59 | Create | Villager (Male) |
| 3:31 | Create | Villager (Male) |
| 3:31 | Create | Villager (Male) |
| 3:46 | Create | Villager (Male) |
| 4:09 | Create | Villager (Male) |
| 4:09 | Create | Villager (Male) |
| 4:09 | Create | Villager (Male) |
| 4:14 | Build | Mill |
| 4:26 | Create | Villager (Male) |
| 4:26 | Create | Villager (Male) |
| 4:43 | Create | Villager (Male) |
| 4:44 | Create | Villager (Male) |
| 5:25 | Create | Villager (Male) |
| 5:26 | Create | Villager (Male) |
| 5:26 | Create | Villager (Male) |
| 5:37 | Create | Villager (Male) |
| 5:51 | Create | Villager (Male) |
| 7:13 | Create | Villager (Male) |
| 7:23 | Build | Lumber Camp |
| 7:57 | Research | Feudal Age |
| 8:55 | Create | Villager (Male) |
| 9:21 | Create | Villager (Male) |
| 9:29 | Build | House |
| 9:36 | Build | House |
| 9:53 | Create | Villager (Male) |
| 9:59 | Build | Lumber Camp |
| 10:04 | Create | Villager (Male) |
| 10:23 | Research | Double-Bit Axe |
| 10:52 | Create | Villager (Male) |
| 11:11 | Research | Horse Collar |
| 11:29 | Build | Barracks |
| 11:39 | Build | House |
| 11:42 | Build | House |
| 11:46 | Build | Palisade Wall |
| 11:48 | Research | Wheelbarrow |
| 11:50 | Create | Villager (Male) |
| 11:57 | Create | Villager (Male) |
| 12:12 | Build | House |
| 12:13 | Create | Villager (Male) |
| 12:19 | Build | Farm |
| 12:19 | Build | Farm |
| 12:20 | Build | Farm |
| 12:20 | Build | Farm |
| 12:21 | Build | Farm |
| 12:23 | Create | Villager (Male) |
| 12:34 | Build | Mining Camp |
| 12:41 | Create | Villager (Male) |
| 12:47 | Build | Farm |
| 13:10 | Create | Villager (Male) |
| 13:19 | Build | Farm |
| 13:27 | Build | Farm |
| 13:27 | Build | Farm |
| 13:44 | Build | Blacksmith |
| 13:51 | Build | House |
| 13:53 | Build | House |
| 14:02 | Create | Villager (Male) |
| 14:07 | Build | Farm |
| 14:10 | Build | Farm |
| 14:25 | Build | Stable |
| 14:28 | Create | Villager (Male) |
| 14:35 | Create | Spearman |
| 14:53 | Build | Farm |
| 14:53 | Build | Farm |
| 14:54 | Research | Wheelbarrow |
| 15:01 | Build | Farm |
| 15:13 | Create | Villager (Male) |
| 15:15 | Research | Wheelbarrow |
| 15:22 | Build | Farm |
| 15:24 | Build | Farm |
| 15:44 | Build | Palisade Gate |
| 15:47 | Build | House |
| 15:56 | Build | Palisade Wall |
| 15:58 | Create | Villager (Male) |
| 16:07 | Build | Market |
| 16:14 | Create | Villager (Male) |
| 16:34 | Build | Farm |
| 16:35 | Build | Farm |
| 17:01 | Research | Castle Age |
| 17:10 | Create | Scout Cavalry |
| 17:26 | Build | Farm |
| 17:31 | Build | Farm |
| 17:32 | Build | Farm |
| 17:36 | Build | Farm |
| 17:49 | Create | Scout Cavalry |
| 17:54 | Research | Forging |
| 17:55 | Research | Scale Barding Armor |
| 18:11 | Build | Farm |
| 18:14 | Create | Scout Cavalry |
| 18:30 | Build | Mining Camp |
| 18:40 | Research | Wheelbarrow |
| 18:47 | Create | Scout Cavalry |
| 19:28 | Build | Mining Camp |
| 19:43 | Create | Knight |
| 19:44 | Create | Knight |
| 20:07 | Create | Villager (Male) |
| 20:11 | Research | Gold Mining |
| 20:18 | Create | Villager (Male) |
| 20:32 | Create | Knight |
| 20:56 | Research | Bloodlines |
| 21:50 | Research | Hand Cart |
| 21:52 | Research | Bow Saw |
| 22:32 | Research | Stone Mining |
| 22:37 | Research | Heavy Plow |
| 22:42 | Create | Villager (Male) |
| 22:45 | Create | Villager (Male) |
| 23:15 | Research | Husbandry |
| 23:46 | Create | Villager (Male) |
| 23:46 | Create | Villager (Male) |
| 23:53 | Build | Town Center |
| 23:56 | Create | Villager (Male) |
| 24:04 | Create | Knight |
| 24:07 | Research | Light Cavalry (upgrade) |
| 24:07 | Create | Knight |
| 24:30 | Create | Villager (Male) |
| 24:37 | Build | Farm |
| 24:38 | Build | Farm |
| 24:46 | Create | Villager (Male) |
| 24:47 | Create | Villager (Male) |
| 24:47 | Create | Villager (Male) |
| 24:48 | Create | Villager (Male) |
| 24:57 | Research | Forging |
| 25:03 | Research | Chain Barding Armor |
| 25:08 | Create | Scout Cavalry |
| 26:01 | Create | Villager (Male) |
| 26:01 | Create | Villager (Male) |
| 26:02 | Create | Villager (Male) |
| 26:02 | Create | Villager (Male) |
| 26:02 | Create | Villager (Male) |
| 26:22 | Build | Town Center |
| 26:44 | Create | Villager (Male) |
| 26:45 | Create | Villager (Male) |
| 26:45 | Create | Villager (Male) |
| 26:46 | Create | Villager (Male) |
| 26:46 | Create | Villager (Male) |
Build order — AquilesBaeza952
First 150 of 197 actions detected
| 0:02 | Create | Villager (Male) |
| 0:02 | Create | Villager (Male) |
| 0:04 | Build | House |
| 0:06 | Build | House |
| 0:07 | Create | Villager (Male) |
| 0:17 | Create | Villager (Male) |
| 1:14 | Create | Villager (Male) |
| 1:45 | Create | Villager (Male) |
| 2:39 | Create | Villager (Male) |
| 2:42 | Build | Lumber Camp |
| 2:50 | Create | Villager (Male) |
| 3:09 | Create | Villager (Male) |
| 3:29 | Build | House |
| 3:31 | Build | House |
| 3:52 | Create | Villager (Male) |
| 3:52 | Create | Villager (Male) |
| 3:52 | Create | Villager (Male) |
| 3:52 | Create | Villager (Male) |
| 4:15 | Create | Villager (Male) |
| 4:15 | Create | Villager (Male) |
| 4:44 | Create | Villager (Male) |
| 4:44 | Create | Villager (Male) |
| 5:03 | Build | Mill |
| 5:12 | Create | Villager (Male) |
| 5:12 | Create | Villager (Male) |
| 5:12 | Create | Villager (Male) |
| 5:39 | Build | House |
| 5:50 | Create | Villager (Male) |
| 6:00 | Build | House |
| 6:12 | Create | Villager (Male) |
| 6:13 | Create | Villager (Male) |
| 6:33 | Create | Villager (Male) |
| 6:58 | Create | Villager (Male) |
| 7:18 | Create | Villager (Male) |
| 7:44 | Create | Villager (Male) |
| 8:12 | Build | Mining Camp |
| 9:02 | Create | Villager (Male) |
| 9:28 | Create | Villager (Male) |
| 10:04 | Research | Loom |
| 10:04 | Research | Feudal Age |
| 10:43 | Build | Barracks |
| 12:02 | Create | Villager (Male) |
| 12:02 | Create | Villager (Male) |
| 13:06 | Build | Market |
| 13:12 | Build | Blacksmith |
| 13:35 | Create | Villager (Male) |
| 13:57 | Research | Castle Age |
| 13:59 | Research | Double-Bit Axe |
| 14:12 | Build | Farm |
| 14:13 | Build | Farm |
| 14:15 | Build | Farm |
| 14:16 | Build | Farm |
| 14:17 | Build | Farm |
| 14:21 | Build | Farm |
| 14:25 | Build | Farm |
| 14:35 | Build | Archery Range |
| 14:37 | Build | Archery Range |
| 14:47 | Build | House |
| 14:55 | Research | Horse Collar |
| 15:30 | Research | Gold Mining |
| 15:49 | Create | Archer |
| 15:49 | Create | Archer |
| 15:57 | Build | House |
| 15:59 | Build | House |
| 16:03 | Build | House |
| 16:14 | Create | Archer ×5 |
| 16:16 | Create | Villager (Male) |
| 16:17 | Create | Villager (Male) |
| 16:32 | Research | Padded Archer Armor |
| 16:32 | Research | Fletching |
| 16:49 | Create | Villager (Male) |
| 17:25 | Build | Town Center |
| 17:40 | Research | Crossbowman (upgrade) |
| 18:18 | Create | Archer ×5 |
| 18:19 | Create | Villager (Male) |
| 18:20 | Create | Villager (Male) |
| 19:06 | Create | Villager (Male) ×2 |
| 19:15 | Build | Farm |
| 19:15 | Build | Farm |
| 19:15 | Build | Farm |
| 19:16 | Build | Farm |
| 19:16 | Build | Farm |
| 19:16 | Build | Farm |
| 19:16 | Build | Farm |
| 19:17 | Build | Farm |
| 19:24 | Create | Villager (Male) |
| 19:47 | Create | Archer ×5 |
| 19:49 | Create | Villager (Male) |
| 19:49 | Create | Villager (Male) |
| 20:02 | Build | University |
| 20:37 | Create | Archer ×3 |
| 20:39 | Create | Villager (Male) |
| 20:42 | Create | Villager (Male) ×3 |
| 21:43 | Research | Fletching |
| 21:53 | Build | Archery Range |
| 21:55 | Build | Archery Range |
| 21:57 | Build | Archery Range |
| 22:02 | Build | House |
| 22:02 | Build | House |
| 22:03 | Build | House |
| 22:03 | Build | House |
| 22:03 | Build | House |
| 22:03 | Build | House |
| 22:09 | Research | Bow Saw |
| 22:13 | Research | Gold Shaft Mining |
| 22:40 | Create | Archer ×3 |
| 22:40 | Create | Archer ×3 |
| 22:45 | Create | Villager (Male) ×2 |
| 22:50 | Build | House |
| 23:00 | Create | Archer |
| 23:03 | Create | Villager (Male) ×2 |
| 23:49 | Create | Archer ×3 |
| 23:53 | Create | Villager (Male) ×5 |
| 23:53 | Create | Villager (Male) ×5 |
| 24:06 | Build | Gate |
| 24:23 | Build | Stone Wall |
| 24:28 | Build | Stone Wall |
| 24:42 | Create | Archer ×4 |
| 24:51 | Create | Archer |
| 24:51 | Create | Archer |
| 25:06 | Build | Stone Wall |
| 25:48 | Research | Thumb Ring |
| 25:53 | Create | Archer ×5 |
| 25:53 | Create | Archer ×5 |
| 25:54 | Create | Archer |
| 25:59 | Research | Wheelbarrow |
| 26:00 | Create | Villager (Male) ×2 |
| 26:00 | Create | Villager (Male) ×2 |
| 26:30 | Build | Town Center |
| 26:39 | Create | Archer ×4 |
| 26:39 | Create | Archer ×5 |
| 26:39 | Create | Archer ×5 |
| 26:53 | Create | Villager (Male) ×4 |
| 27:04 | Create | Villager (Male) |
| 27:05 | Create | Villager (Male) |
| 27:08 | Research | Ballistics |
| 27:08 | Research | Ballistics |
| 27:15 | Create | Archer ×2 |
| 27:15 | Create | Archer ×2 |
| 27:39 | Create | Archer ×3 |
| 27:39 | Create | Archer ×3 |
| 27:43 | Create | Villager (Male) ×4 |
| 27:50 | Create | Villager (Male) |
| 27:50 | Create | Villager (Male) |
| 28:01 | Build | Farm |
| 28:09 | Create | Archer ×2 |
| 28:09 | Create | Archer ×2 |
| 28:27 | Create | Archer ×3 |
| 28:28 | Create | Archer ×3 |
| 28:33 | Research | Leather Archer Armor |
Match timeline
| 2:24 | KOLSONxCANADIAN · wall_segment Palisade Wall x1 |
| 9:30 | Mono de Guayaba · first_building Barracks |
| 10:31 | CicloneAzor · first_building Barracks |
| 10:43 | AquilesBaeza952 · first_building Barracks |
| 10:57 | Mijolas · first_building Barracks |
| 11:14 | Mono de Guayaba · age_up feudal |
| 11:29 | KOLSONxCANADIAN · first_building Barracks |
| 11:46 | KOLSONxCANADIAN · wall_segment Palisade Wall x16 |
| 12:37 | CicloneAzor · wall_segment Stone Wall x13 |
| 13:26 | danielrojaslaw · age_up feudal |
| 13:51 | Mono de Guayaba · wall_segment Palisade Wall x1 |
| 14:25 | KOLSONxCANADIAN · first_building Stable |
| 14:35 | AquilesBaeza952 · first_building Archery Range |
| 15:33 | CicloneAzor · wall_segment Stone Wall x6 |
| 15:56 | KOLSONxCANADIAN · wall_segment Palisade Wall x1 |
| 16:32 | CicloneAzor · first_building Stable |
| 16:37 | danielrojaslaw · first_building Barracks |
| 17:22 | Mono de Guayaba · wall_segment Palisade Wall x1 |
| 20:05 | CicloneAzor · first_market_sell 100 wood |
| 20:31 | CicloneAzor · first_building Castle |
| 20:51 | KOLSONxCANADIAN · first_market_sell 100 food |
| 22:00 | Mijolas · first_building Stable |
| 23:54 | Mono de Guayaba · first_market_buy 100 food |
| 23:57 | Mono de Guayaba · first_market_sell 100 wood |
| 24:23 | AquilesBaeza952 · wall_segment Stone Wall x5 |
| 24:28 | AquilesBaeza952 · wall_segment Stone Wall x7 |
| 25:06 | AquilesBaeza952 · wall_segment Stone Wall x4 |
| 25:15 | CicloneAzor · wall_segment Stone Wall x6 |
| 26:17 | AquilesBaeza952 · first_market_buy 100 stone |
| 26:55 | Mono de Guayaba · age_up castle |
| 27:26 | KOLSONxCANADIAN · first_building Castle |
| 28:14 | danielrojaslaw · first_building Stable |
| 28:34 | danielrojaslaw · age_up castle |
| 30:06 | Mono de Guayaba · first_building Castle |
| 34:02 | danielrojaslaw · first_market_buy 100 stone |
| 34:14 | danielrojaslaw · first_building Castle |
| 34:16 | KOLSONxCANADIAN · resign |
| 35:07 | AquilesBaeza952 · first_building Castle |
[ AI ANALYSIS · 1 CREDIT ]
What really happened in this match?
Wolo.gg analyzes every decision: build order, eco, micro, common mistakes by bracket. Personalized analysis on WhatsApp or Discord in 30 seconds.
Civ guide
Cumans
Perfil
Jugador #2004100